 Dungeon Crawl Stone Soup version 0.18-a0-1577-gf591c28 (webtiles) character file.

90 atrabilaire the Sneak (level 4, 0/30 HPs)
             Began as a Vampire Enchanter on Mar 22, 2016.
             Slain by a goblin
             ... wielding a +0 club
             ... led by Robin
              (2 damage)
             ... on level 3 of the Dungeon.
             The game lasted 00:14:48 (1472 turns).

atrabilaire the Sneak (Vampire Enchanter)           Turns: 1472, Time: 00:14:48

Health: 0/30       AC:  3    Str:  7    XL:     4   Next: 32%
Magic:  1/7        EV: 12    Int: 18    God:
Gold:   102        SH:  0    Dex: 14    Spells: 2 memorised, 4 levels left

rFire  . . .     SeeInvis +     a - +1 dagger
rCold  . . .     Gourm    .     b - +1 robe
rNeg   . . .     Faith    .     (no shield)
rPois  .         Spirit   .     (no helmet)
rElec  .         Dismiss  .     (no cloak)
rCorr  .         Reflect  .     (no gloves)
SustAt .         Harm     .     (no boots)
MR     .....                    (no amulet)
Stlth  ++++......               (no ring)
                                (no ring)

@: very slightly contaminated, regenerating quickly, not resistant to hostile
enchantments, stealthy
A: fangs 3, see invisible, unbreathing
a: no special abilities


You were on level 3 of the Dungeon.
You were very full.

You visited 1 branch of the dungeon, and saw 3 of its levels.

You collected 102 gold pieces.

Inventory:

Hand Weapons
 a - a +1 dagger (weapon)
Armour
 b - a +1 robe (worn)
 l - a +0 leather armour
Jewellery
 o - an uncursed amulet of regeneration {unknown}
Scrolls
 f - a scroll of immolation {unknown}
 g - 3 scrolls of identify {unknown}
 k - a scroll of random uselessness {unknown}
 n - a scroll of remove curse {unknown}
Potions
 d - a potion of blood
 h - a potion of cure mutation {unknown}
 i - a potion of invisibility {unknown}
 j - a potion of heal wounds {unknown}
 m - a potion of flight {unknown}
Books
 c - a book of Maledictions

   Spells                             Type                      Level
   a - Corona                         Hexes                        1
   b - Ensorcelled Hibernation        Hexes/Ice                    2
   c - Confuse                        Hexes                        3
   d - Tukima's Dance                 Hexes                        3
   e - Dazzling Spray                 Conjuration/Hexes            3


   Skills:
 * Level 3.1 Short Blades
 - Level 2.2 Dodging
 + Level 6.3 Stealth
 - Level 2.0 Spellcasting
 - Level 4.7 Hexes


You had 4 spell levels left.
You knew the following spells:

 Your Spells              Type           Power        Failure   Level  Hunger
a - Corona                Hex            ###....      2%          1    #......
b - Ensorcelled Hibernat  Hex/Ice        ##....       12%         2    ###....


Dungeon Overview and Level Annotations

Branches:
Dungeon (3/15)

Altars:

Annotations:
D:3 Robin


Innate Abilities, Weirdness & Mutations

Your natural rate of healing is unusually fast.
You have razor-sharp teeth.
You have supernaturally acute eyesight.
You can survive without breathing.


Message History

The goblin shouts!
You hear a shout!
Robin hits you with a whip.
* * * LOW HITPOINT WARNING * * *
Things that are here:
a dagger; a stone; a goblin corpse You hit Robin.
Robin is lightly wounded.
Robin hits you with a whip.
* * * LOW HITPOINT WARNING * * *
You hit Robin but do no damage.
Robin is lightly wounded.
Robin hits you with a whip.
* * * LOW HITPOINT WARNING * * *
A goblin comes into view. It is wielding a dagger.
The goblin shouts!
You hit Robin.
Robin is lightly wounded.
You hear a shout!
Robin throws the goblin at you! The goblin hits you with a club.
You die...

##.....##
##.[.....##
#......g..##g#.#
#.......(((ggg#
##.....####.###
##...## ##.g#
##g# #@# #g# #.#
#.# ###.#
#...### #
#.#...#
########.#
##.#...###
#....>...#
#........#
#.<...#


You could see Robin, a hobgoblin (frenzied) and 2 goblins.

Vanquished Creatures
  An adder (D:2)
  4 oozes
  3 worms (D:2)
  A dart slug (D:2)
  A giant gecko (D:1)
  4 bats (D:2)
  6 giant cockroaches
  7 goblins
  5 hobgoblins
  3 jackals (D:2)
  10 kobolds
  3 rats
48 creatures vanquished.

Notes
Turn   | Place    | Note
--------------------------------------------------------------
     0 | D:1      | atrabilaire the Vampire Enchanter began the quest for the Orb.
     0 | D:1      | Reached XP level 1. HP: 13/13 MP: 3/3
   184 | D:1      | Reached XP level 2. HP: 16/19 MP: 5/5
   460 | D:1      | Reached skill level 5 in Stealth
   479 | D:1      | Learned a level 2 spell: Ensorcelled Hibernation
   645 | D:2      | Reached XP level 3. HP: 24/24 MP: 6/6
  1024 | D:2      | Reached skill level 6 in Stealth
  1109 | D:2      | Reached XP level 4. HP: 22/30 MP: 7/7
  1458 | D:3      | Noticed Robin
  1472 | D:3      | Slain by a goblin

Vault maps used:
D:1:      ncdulo_lavacross
D:2:      minmay_kobold_bridge, first_bread, hangedman_decor_slide_cut,
          corexii_shack
D:3:      ecumenical_altar_2, uniq_iyjb, uniq_robin

Skill      XL: |  1  2  3  4 |
---------------+-------------+-----
Stealth        | 5 6 |  6.3
Short Blades   | 2 3 |  3.1
Dodging        | |  2.2
Spellcasting   | |  2.0
Hexes          | |  4.7

Action                   |  1- 3 |  4- 6 || total
-------------------------+-------+-------++-------
Melee: Dagger            |   139 |    27 ||   166
Throw: Tomahawk          |     8 |     4 ||    12
 Cast: Ensorcelled Hiber |     7 |     3 ||    10
 Stab: Sleeping          |    13 |     3 ||    16
  Eat: Corpse            |    13 |     2 ||    15
